 Dungeon Crawl Stone Soup version 0.25-a0-804-g50c693f418 (webtiles) character file.

Game seed: 17432908402947864905, levelgen mode: deterministic

67 tilp the Bolt Thrower (level 4, -1/25 HPs)
             Began as a Kobold Arcane Marksman on Apr 19, 2020.
             Killed from afar by a white imp (10 damage)
             ... with a puff of frost
             ... summoned by Natasha
             ... on level 2 of the Dungeon.
             The game lasted 00:06:16 (2179 turns).

tilp the Bolt Thrower (Kobold Arcane Marksman)      Turns: 2179, Time: 00:06:17

Health: -1/25      AC:  3    Str:  8    XL:     4   Next: 38%
Magic:  5/5        EV: 14    Int: 14    God:
Gold:   59         SH:  0    Dex: 15    Spells: 2/5 levels left

rFire    . . .     SeeInvis .   b - +1 short sword (elec)
rCold    . . .     Gourm    .   (shield restricted)
rNeg     . . .     Faith    .   i - +0 leather armour
rPois    .         Spirit   .   (no helmet)
rElec    .         Reflect  .   (no cloak)
rCorr    .         Harm     .   (no gloves)
MR       .....                  (no boots)
Stlth    +.........             (no amulet)
HPRegen  0.08/turn              (no ring)
MPRegen  0.09/turn              (no ring)

@: no status effects
A: small, carnivore
a: no special abilities


You were on level 2 of the Dungeon.
You were very full.

You visited 1 branch of the dungeon, and saw 2 of its levels.

You collected 59 gold pieces.

Inventory:

Hand Weapons
 a - a +0 hand crossbow
 b - a +1 short sword of electrocution (weapon)
 j - a +0 dagger
 l - a cursed -2 hunting sling
 m - a +1 dagger of venom
Missiles
 d - 8 bolts
Armour
 i - a +0 leather armour (worn)
 n - a +0 chain mail of poison resistance
Scrolls
 e - a scroll of identify
 f - a scroll of remove curse {unknown}
 k - a scroll of random uselessness {unknown}
 q - a scroll of enchant armour {unknown}
Potions
 g - a potion of berserk rage
 h - a potion of magic
 o - a potion of curing {unknown}
 r - a potion of lignification {unknown}
Comestibles
 c - 3 rations
 p - 5 chunks of flesh


   Skills:
 - Level 1.1 Fighting
 + Level 5.2 Crossbows
 - Level 2.4 Dodging
 - Level 1.1 Spellcasting
 - Level 3.0 Hexes


You had 2 spell levels left.
You knew the following spells:

 Your Spells              Type           Power        Failure   Level  Hunger
a - Corona                Hex            #......      11%         1    ##.....
b - Slow                  Hex            #.......     17%         2    ###....

Your spell library contained the following spells:

 Spells                   Type           Power        Failure   Level  Hunger
 Inner Flame              Hex/Fire       #.......     52%         3    ####...
 Portal Projectile        Hex/Tloc       #.....       52%         3    ####...
 Cause Fear               Hex            #.........   73%         4    #####..
 Leda's Liquefaction      Hex/Erth       #.........   90%         4    #####..


Dungeon Overview and Level Annotations

Branches:
Dungeon (2/15)

Altars:

Annotations:
D:2 Natasha


Innate Abilities, Weirdness & Mutations

You are small and have problems with some larger weapons.
You are carnivorous and can eat meat at any time.


Message History

Press: ? - help, Shift-Dir - straight line, f/p - Natasha
Aim: Natasha (almost dead)
You shoot a bolt. The bolt closely misses Natasha.
The bolt hits the iron imp!
The iron imp is heavily wounded.
Natasha claws you.
You hear the crackle of electricity.
b - a +1 short sword of electrocution (weapon)
You closely miss Natasha.
Natasha is almost dead.
Natasha completely misses you.
You closely miss Natasha.
Natasha is almost dead.
Natasha closely misses you. The iron imp misses you.
You closely miss Natasha.
Natasha is almost dead.
Natasha claws you.
* * * LOW HITPOINT WARNING * * *
The white imp gestures at you. The puff of frost hits you!
You die...

#.###.....#.## #.#.#
...#........# #.#.#
.#...#......# #.###
...#.......### #<# #
#.#..........###### .#
..#.####.##.....####.#
# ....#
####..####.......
###.# #......5#..##.
#..# #.....@h.(....
#..# #..####5#.(##.
#..# #..# ... .(.
##..# #..# #...# (
....# #..# .#... ##.<#
#..# ###... #..#####
#..# ... ##.......
.... .. ......... ....


You could see an iron imp, Natasha and a white imp.

Vanquished Creatures
  An adder (D:2)
  An ooze (D:2)
  2 worms (D:2)
  A leopard gecko (D:2)
  3 ball pythons
  4 bats (D:1)
  A giant cockroach (D:1)
  4 hobgoblins
  6 jackals (D:1)
  2 kobolds (D:2)
  2 quokkas (D:2)
  4 frilled lizards
  7 goblins
  6 rats (D:1)
44 creatures vanquished.

Notes
Turn   | Place    | Note
-------+----------+-------------------------------------------
     0 | D:1      | tilp the Kobold Arcane Marksman began the quest for the
                  | Orb.
     0 | D:1      | Reached XP level 1. HP: 12/12 MP: 2/2
   133 | D:1      | Reached skill level 3 in Crossbows
   158 | D:1      | Reached XP level 2. HP: 16/16 MP: 3/3
   162 | D:1      | Learned a level 2 spell: Slow
   867 | D:1      | Reached skill level 4 in Crossbows
   867 | D:1      | Reached XP level 3. HP: 18/20 MP: 4/4
  1982 | D:2      | Reached XP level 4. HP: 25/25 MP: 5/5
  2017 | D:2      | Reached skill level 5 in Crossbows
  2170 | D:2      | Noticed Natasha
  2179 | D:2      | Killed from afar by a white imp

Levels and vault maps discovered:
D:1:      dpeg_arrival_line_fractal, layout_basic
D:2:      layout_loops_ring, nicolae_overflow_hidden_temple, minivault_11,
          minmay_misc_feat_four_crosses, nrook_loot_triangle,
          fedhas_ov_isle_minmay, uniq_natasha

Skill      XL: |  1  2  3  4 |
---------------+-------------+-----
Crossbows      | 3 4 5 |  5.2
Fighting       | |  1.1
Dodging        | |  2.4
Spellcasting   | |  1.1
Hexes          | |  3.0

Action                   |  1- 3 |  4- 6 || total
-------------------------+-------+-------++-------
Melee: Short sword       |    44 |    10 ||    54
 Fire: Hand crossbow     |    44 |    11 ||    55
 Cast: Corona            |    28 |     4 ||    32
  Use: Scroll            |     2 |       ||     2
 Stab: Sleeping          |     1 |       ||     1
  Eat: Chunk             |    12 |     1 ||    13
Armor: Leather armour    |    26 |     1 ||    27
Dodge: Dodged            |    52 |     7 ||    59

Table legend:
 A = Non-vault XP
 B = Vault XP
 C = Vault XP percentage of total XP
 D = Non-vault monster count
 E = Vault monster count
 F = Vault count percentage of total count
                 A         B        C        D         E       F
            +---------+---------+-------+---------+---------+-------
      Total |      96 |       0 |   0.0 |      44 |       0 |   0.0
            +---------+---------+-------+---------+---------+-------
        D:1 |      46 |       0 |   0.0 |      29 |       0 |   0.0
        D:2 |      50 |       0 |   0.0 |      15 |       0 |   0.0
            +---------+---------+-------+---------+---------+-------
